Map: Triton EC

Players

DRG - Winner!

  • Race: Zerg Zerg
  • League: Master
  • Spawn Location: 5:00

SpeCial

  • Race: Terran Terran
  • League: Grandmaster
  • Spawn Location: 11:00

VOD

Have the link to the VOD?

Description

Time

  • Played on: Jan. 16, 2020, 5:12 a.m.
  • Length: 24:50
Show
View Real Time Build Order
Export as new Build Order

DRG Zerg - Winner!

Build Orders: Hatch First, Muta Ling Bane 

Get SALT Encoding   

  12  0:00  Drone  
  13  0:12  Overlord  
  13  0:16  Drone  
  14  0:30  Drone x2  
  16  0:47  Hatchery  
  15  0:50  Drone  
  15  0:54  Drone  
  17  0:57  Drone  
  18  1:07  Extractor  
  17  1:12  Spawning Pool  
  17  1:15  Drone  
  17  1:18  Drone  
  18  1:27  Drone  
  19  1:38  Drone  
  20  1:49  Drone  
  21  1:59  Queen x2  
  21  2:00  Zergling x4  
  27  2:10  Overlord  
  27  2:11  Drone  
  28  2:22  Hatchery  
  27  2:25  Drone  
  28  2:30  Drone  
  28  2:31  Drone  
  28  2:33  Drone  
  31  2:37  Metabolic Boost  
  31  2:45  Queen  
  31  2:50  Overlord  
  33  2:53  Drone  
  33  2:55  Drone  
  33  2:58  Drone  
  36  3:07  Pneumatized Carapace  
  36  3:08  Overlord  
  36  3:10  Drone  
  36  3:11  Drone  
  38  3:14  Drone  
  38  3:17  Drone  
  38  3:18  Drone  
  41  3:22  Drone  
  42  3:28  Drone  
  42  3:32  Overlord  
  43  3:38  Queen  
  43  3:41  Zergling x4  
  47  3:42  Drone  
  47  3:45  Drone  
  50  3:48  Drone x2  
  50  3:49  Queen  
  50  3:51  Zergling x2  
  54  3:57  Drone x4  
  54  4:02  Drone  
  59  4:04  Overlord  
  59  4:07  Drone  
  59  4:09  Lair  
  60  4:11  Drone x2  
  60  4:12  Drone  
  60  4:13  Drone  
  64  4:17  Queen  
  64  4:21  Overlord  
  64  4:24  Spore Crawler  
  65  4:26  Zergling x4  
  67  4:32  Spore Crawler  
  67  4:33  Spore Crawler, Drone x3  
  67  4:36  Zergling x4  
  70  4:41  Drone x3  
  70  4:43  Drone  
  74  4:48  Drone x3  
  74  4:51  Drone  
  78  4:53  Drone  
  78  4:56  Extractor x2  
  78  4:59  Drone, Baneling Nest  
  78  5:00  Drone x3  
  78  5:03  Overlord  
  78  5:04  Overlord  
  78  5:06  Drone x2  
  82  5:08  Overlord  
  82  5:10  Overlord  
  82  5:15  Extractor x2  
  82  5:16  Extractor  
  82  5:17  Drone x2  
  82  5:21  Queen  
  83  5:26  Zergling x6  
  86  5:31  Zergling x2  
  86  5:32  Zergling x6  
  88  5:40  Zergling x14  
  88  5:42  Baneling x2  
  95  5:43  Baneling x4  
  95  5:48  Zergling x4  
  90  5:53  Zergling x2  
  90  5:55  Zergling x2, Queen x2  
  89  5:59  Drone  
  89  6:00  Drone  
  87  6:05  Drone x3  
  87  6:06  Drone, Centrifical Hooks  
  87  6:10  Drone  
  92  6:13  Drone  
  92  6:17  Drone  
  94  6:19  Drone  
  94  6:24  Drone  
  96  6:27  Overlord  
  96  6:29  Hatchery  
  96  6:30  Overlord  
  95  6:34  Evolution Chamber x2  
  95  6:37  Zergling x2  
  95  6:39  Overlord  
  94  6:42  Drone  
  94  6:44  Hatchery  
  94  6:45  Zergling x2  
  95  6:48  Baneling x7  
  95  6:50  Zergling x2  
  95  6:54  Zergling x8  
  100  6:58  Zergling x8  
  104  7:04  Zerg Ground Armor Level 1, Zerg Melee Weapons Level 1  
  104  7:07  Zergling x10  
  108  7:09  Baneling x5  
  108  7:13  Zergling x2  
  109  7:17  Zergling x4  
  109  7:21  Zergling x8  
  104  7:43  Drone x10, Queen  
  113  7:45  Queen  
  113  7:47  Baneling x2  
  113  7:50  Drone  
  115  7:51  Zergling x10  
  115  7:52  Spire  
  115  7:55  Zergling x8  
  122  8:01  Zergling x6  
  122  8:04  Zergling x4  
  124  8:07  Zergling x4  
  124  8:12  Zergling x2  
  127  8:15  Zergling x4  
  127  8:17  Baneling x4  
  127  8:19  Zergling x10  
  134  8:23  Zergling x10  
  139  8:27  Overlord  
  139  8:30  Overlord x2  
  135  8:34  Zergling x4  
  137  8:42  Overlord  
  137  8:46  Zergling x14  
  143  8:48  Hatchery  
  133  8:56  Drone x3  
  133  9:00  Drone x4  
  130  9:03  Zerg Melee Weapons Level 2, Zerg Ground Armor Level 2  
  130  9:06  Mutalisk x7, Zerg Flyer Weapons Level 1  
  144  9:12  Mutalisk x2  
  147  9:18  Baneling x3  
  147  9:19  Mutalisk x3  
  147  9:21  Baneling x6  
  152  9:26  Zergling x10  
  152  9:29  Baneling x3  
  152  9:30  Zergling x2  
  152  9:31  Zergling x2  
  158  9:32  Mutalisk  
  158  9:38  Zergling x14  
  164  9:39  Overseer  
  164  9:43  Baneling x6  
  166  9:46  Zergling x10  
  160  9:58  Zergling x20  
  146  10:02  Zergling x10  
  146  10:03  Baneling x6  
  146  10:04  Zergling x4  
  151  10:11  Mutalisk x3  
  157  10:16  Zergling x2  
  157  10:17  Zergling x12  
  157  10:20  Overseer  
  164  10:24  Infestation Pit  
  164  10:25  Zergling x2  
  164  10:26  Zergling x8  
  168  10:31  Mutalisk x2  
  172  10:37  Zergling x14  
  172  10:41  Baneling x5  
  179  10:44  Overlord x2  
  179  10:49  Overseer  
  175  11:03  Drone x2  
  175  11:04  Drone x2  
  173  11:06  Drone x3  
  173  11:07  Drone x2  
  173  11:09  Spore Crawler  
  173  11:10  Baneling x4  
  177  11:11  Hive  
  177  11:16  Mutalisk x2  
  181  11:18  Zergling x2  
  181  11:19  Zergling x12  
  181  11:21  Hatchery  
  187  11:29  Drone x10  
  187  11:32  Spore Crawler  
  194  11:36  Zergling x12  
  194  11:39  Baneling x5  
  199  11:49  Zergling x2  
  200  11:56  Baneling x9  
  196  12:07  Zergling x30  
  196  12:08  Zergling x10  
  185  12:11  Zergling x10  
  177  12:17  Baneling x2  
  177  12:18  Zergling x2  
  177  12:19  Zergling x20  
  177  12:21  Zergling x2  
  189  12:25  Zerg Ground Armor Level 3, Zerg Melee Weapons Level 3  
  189  12:26  Adrenal Glands  
  189  12:31  Zergling x12  
  195  12:38  Baneling x8  
  195  12:41  Zergling x10  
  200  12:47  Baneling  
  200  12:48  Baneling x5  
  184  13:00  Zergling x36  
  184  13:03  Zergling x8  
  170  13:09  Zergling x2  
  170  13:10  Zergling x4  
  163  13:13  Baneling x8  
  163  13:18  Zergling x6  
  157  13:21  Zergling x6, Queen  
  157  13:23  Baneling x9  
  157  13:25  Mutalisk  
  162  13:31  Zergling x22  
  173  13:35  Mutalisk x2  
  173  13:37  Baneling x2  
  177  13:43  Zergling x8  
  177  13:45  Baneling x5  
  177  13:46  Zergling x8  
  185  13:52  Zergling x6  
  185  13:53  Zergling x14  
  193  13:59  Zergling x10  
  193  14:01  Baneling x8  
  188  14:04  Zergling x2  
  188  14:05  Overseer  
  188  14:07  Zergling x10  
  194  14:16  Zergling x2  
  194  14:17  Zergling x10  
  195  14:23  Zergling x6  
  190  14:25  Baneling x5  
  182  14:31  Hatchery  
  182  14:38  Zergling x16  
  159  14:42  Baneling x6  
  155  14:50  Zergling x24  
  157  14:57  Hatchery  
  155  15:01  Mutalisk x5  
  158  15:15  Baneling x13  
  158  15:17  Zergling x16  
  166  15:23  Zergling x8  
  166  15:27  Baneling  
  166  15:28  Baneling x2  
  168  15:29  Mutalisk  
  168  15:32  Zergling x2  
  168  15:33  Zergling x4  
  173  15:37  Zergling x10  
  173  15:42  Ultralisk Cavern  
  176  15:43  Baneling  
  176  15:44  Zergling x2, Baneling x2  
  176  15:45  Zergling x12  
  182  15:52  Zergling x4  
  182  15:53  Drone  
  182  15:54  Baneling  
  182  15:55  Baneling x7  
  185  16:02  Zergling x18  
  185  16:04  Overlord  
  187  16:08  Overlord x2  
  185  16:18  Overseer  
  185  16:22  Drone x2  
  185  16:23  Drone x4  
  191  16:27  Zergling x2  
  191  16:28  Zergling x20  
  191  16:31  Chitinous Plating  
  191  16:46  Zergling x22  
  191  16:47  Zergling x10  
  181  16:52  Drone x4  
  178  16:58  Ultralisk  
  184  17:09  Mutalisk  
  184  17:10  Mutalisk x3  
  184  17:11  Hatchery  
  191  17:18  Ultralisk  
  191  17:21  Zergling x6  
  200  17:23  Zerg Flyer Weapons Level 2  
  200  17:29  Baneling  
  199  17:31  Baneling x5  
  199  17:33  Baneling  
  199  17:35  Baneling  
  199  17:38  Extractor  
  194  17:59  Mutalisk x2  
  196  18:08  Baneling x9  
  195  18:18  Zergling x8  
  197  18:27  Hatchery  
  197  18:31  Zergling x40  
  193  18:41  Ultralisk x2  
  193  18:50  Zergling x14  
  193  18:54  Zergling x4  
  197  18:57  Extractor  
  197  19:01  Zergling x36  
  192  19:07  Mutalisk  
  192  19:08  Mutalisk x3  
  180  19:10  Zergling x12  
  180  19:15  Zergling x10, Queen  
  188  19:19  Zergling x12  
  188  19:20  Baneling  
  188  19:21  Baneling x6  
  187  19:25  Zergling x18  
  187  19:30  Mutalisk  
  188  19:33  Zergling x10  
  185  19:40  Mutalisk  
  177  19:50  Zergling x26  
  185  19:56  Hatchery  
  185  19:59  Baneling x7  
  181  20:03  Zergling x10  
  182  20:07  Zergling x4  
  182  20:08  Hatchery  
  181  20:14  Baneling x5  
  181  20:26  Zergling x10  
  181  20:28  Hatchery  
  180  20:33  Zergling x14  
  155  20:52  Zergling x26  
  164  21:01  Overseer  
  152  21:07  Ultralisk  
  156  21:13  Baneling x5  
  156  21:16  Drone  
  149  21:20  Baneling x2  
  149  21:22  Zergling x20  
  159  21:29  Drone  
  160  21:33  Extractor  
  160  21:34  Extractor  
  160  21:36  Zergling x26  
  160  21:37  Spore Crawler  
  170  21:42  Baneling x5  
  161  21:47  Drone x3  
  161  21:49  Spore Crawler  
  161  21:51  Zergling x18  
  161  21:54  Baneling x3  
  170  22:00  Baneling x2  
  170  22:06  Overseer  
  170  22:09  Zergling x26  
  183  22:16  Baneling  
  183  22:17  Baneling x5  
  183  22:18  Zergling x10  
  183  22:19  Overlord  
  183  22:21  Overlord  
  187  22:24  Overlord  
  185  22:30  Baneling x7  
  185  22:36  Zergling x14  
  189  22:37  Overlord  
  189  22:40  Baneling x5  
  161  22:53  Zergling x22  
  152  22:59  Ultralisk  
  152  23:02  Zergling x10  
  161  23:06  Overseer, Baneling x2  
  161  23:10  Overseer  
  161  23:11  Zergling x10  
  161  23:12  Zergling x2  
  166  23:16  Zergling x8  
  169  23:21  Zergling x10  
  169  23:25  Zergling x2  
  169  23:26  Zergling x6  
  164  23:30  Zergling x8  
  165  23:37  Zergling x2  
  165  23:38  Zergling x12  
  165  23:40  Baneling  
  165  23:41  Baneling x5  
  153  23:42  Zergling x2  
  154  23:49  Ultralisk  
  154  23:52  Overseer  
  154  23:54  Baneling x6  
  154  23:55  Zergling x2  
  156  24:06  Zergling x18  
  147  24:14  Zergling x10  
  147  24:15  Zergling x2  
  147  24:16  Overseer  
  147  24:17  Overseer  
  145  24:19  Zergling x4  
  145  24:22  Baneling  
  143  24:24  Zergling x2  
  143  24:25  Zergling x6  
Show
View Real Time Build Order
Export as new Build Order

SpeCial Terran 

Build Orders: Gas First Reaper Expand, Liberator Opening 

Get SALT Encoding   

  12  0:01  SCV  
  13  0:13  SCV  
  14  0:17  Supply Depot  
  14  0:25  SCV  
  15  0:30  Refinery  
  15  0:39  SCV  
  16  0:44  Barracks  
  16  0:51  SCV  
  17  1:03  SCV  
  18  1:15  SCV  
  19  1:31  Reaper, Orbital Command  
  20  1:40  Command Center  
  20  1:52  Factory  
  20  1:57  SCV  
  21  2:08  Barracks Reactor  
  21  2:09  SCV  
  21  2:13  Supply Depot  
  22  2:16  Refinery  
  22  2:21  SCV  
  23  2:35  SCV  
  24  2:44  Starport  
  24  2:47  SCV  
  24  2:48  Hellion  
  24  2:50  Hellion  
  29  2:54  Barracks Tech Lab  
  29  2:55  Orbital Command  
  29  2:59  SCV  
  30  3:10  Hellion  
  30  3:11  SCV, Hellion, Liberator  
  35  3:23  SCV x2  
  37  3:32  Supply Depot  
  40  3:36  SCV x2  
  42  3:43  Marine x2, Factory Reactor  
  42  3:48  SCV x2  
  46  3:55  Supply Depot  
  46  3:59  Liberator  
  46  4:00  SCV x2  
  46  4:01  Marine x2  
  50  4:12  SCV x2  
  50  4:16  Armory  
  55  4:18  Marine x2, Supply Depot  
  55  4:21  Hellion  
  55  4:22  Hellion  
  61  4:24  SCV  
  62  4:33  Supply Depot  
  62  4:39  Marine x2, SCV x2  
  62  4:42  Supply Depot  
  65  4:47  Hellion x2  
  65  4:51  SCV  
  70  4:54  SCV  
  71  5:03  SCV  
  71  5:06  SCV  
  73  5:07  Command Center  
  73  5:10  Marine, Stimpack  
  74  5:15  SCV  
  74  5:18  SCV, Factory Reactor  
  74  5:19  Starport Reactor  
  74  5:21  Barracks  
  76  5:23  Barracks  
  76  5:28  Marine, SCV  
  78  5:30  SCV  
  79  5:39  Engineering Bay  
  79  5:40  SCV  
  79  5:41  Engineering Bay  
  77  5:43  SCV  
  77  5:45  Marine  
  74  5:52  SCV  
  74  5:55  SCV  
  69  5:58  Refinery  
  69  5:59  Refinery  
  69  6:03  Marine  
  59  6:04  SCV  
  59  6:06  Hellion x2  
  59  6:07  SCV, Terran Infantry Weapons Level 1  
  59  6:08  Terran Infantry Armor Level 1  
  59  6:09  Marine x2  
  59  6:11  Marine x2, Medivac x2  
  72  6:21  SCV x2, Marine, Orbital Command  
  75  6:27  Marine x2  
  75  6:28  Marine, Hellion  
  75  6:29  Marine, Hellion  
  83  6:33  SCV  
  83  6:37  Orbital Command  
  83  6:39  Marine  
  85  6:40  Barracks  
  85  6:42  Barracks  
  85  6:45  Marine x2  
  87  6:48  SCV x2  
  87  6:49  Marine  
  87  6:52  Combat Shield, Marine  
  93  6:54  Hellion x2  
  93  6:57  Marine  
  93  7:00  SCV  
  97  7:01  Medivac  
  97  7:02  Medivac  
  97  7:06  Supply Depot  
  101  7:10  Supply Depot  
  101  7:26  Supply Depot  
  101  7:28  Marine x5, SCV x3  
  109  7:36  Barracks Reactor  
  100  7:40  SCV x3, Medivac x2, Widow Mine x2  
  108  7:45  Marine x5, Factory, Refinery  
  108  7:48  Supply Depot, Barracks Reactor  
  112  7:52  SCV  
  113  8:03  Marine x5  
  113  8:04  Widow Mine x2  
  122  8:06  SCV  
  122  8:07  SCV x2  
  122  8:10  Supply Depot  
  122  8:11  Supply Depot, Terran Infantry Weapons Level 2, Terran Infantry Armor Level 2  
  125  8:13  Supply Depot  
  125  8:14  Marine  
  125  8:16  Marine  
  127  8:21  Marine x5  
  127  8:25  Marine  
  133  8:30  Supply Depot x2, Factory Tech Lab  
  133  8:31  Marine, Command Center  
  133  8:32  Marine  
  135  8:34  Marine  
  135  8:39  SCV, Marine x3  
  135  8:40  Marine, Widow Mine x2  
  135  8:41  Marine  
  146  8:43  Marine  
  147  8:50  Marine  
  148  8:57  Marine x2  
  148  8:59  Marine  
  148  9:01  Widow Mine  
  148  9:02  Widow Mine, Drilling Claws  
  143  9:03  Supply Depot  
  143  9:04  Marine  
  143  9:05  Marine x2  
  143  9:06  SCV  
  143  9:07  SCV x2, Sensor Tower  
  149  9:12  Barracks  
  149  9:13  Marine  
  149  9:16  Barracks  
  150  9:17  Widow Mine  
  150  9:19  SCV x2  
  150  9:20  Liberator  
  150  9:21  Marine  
  150  9:22  Marine, Widow Mine  
  158  9:24  Marine  
  158  9:25  Marauder  
  158  9:28  Marine x2  
  163  9:35  Marine x3  
  169  9:39  Marine  
  169  9:40  Marine  
  169  9:42  Marine  
  169  9:45  Widow Mine x2  
  176  9:46  Marine x2, Widow Mine, Marauder  
  174  9:56  Marine  
  174  9:59  Marine x2  
  134  10:00  Marine x4  
  134  10:01  Medivac  
  134  10:04  Planetary Fortress  
  139  10:07  Missile Turret  
  139  10:11  Marine x2  
  141  10:15  Widow Mine x2  
  141  10:18  Marine  
  141  10:19  Marine  
  141  10:20  Marine, Medivac  
  150  10:26  Marine x2  
  150  10:28  Barracks Tech Lab  
  152  10:29  Missile Turret, Barracks Tech Lab  
  152  10:30  Barracks  
  152  10:31  SCV, Medivac  
  153  10:40  Terran Infantry Weapons Level 3  
  153  10:41  Terran Infantry Armor Level 3  
  152  10:42  Marine  
  152  10:47  SCV x3  
  156  10:50  Medivac  
  156  10:51  Marine x2, Marauder  
  156  10:53  Marine  
  156  10:55  Marine  
  156  10:56  Widow Mine x2  
  168  11:02  Marauder  
  170  11:04  Medivac  
  170  11:06  Marine x2, Marauder  
  170  11:10  Marine  
  169  11:11  Marine  
  169  11:13  Widow Mine, Marauder  
  169  11:16  Marine  
  169  11:17  Marine x2  
  177  11:20  Medivac, Barracks Tech Lab  
  177  11:23  Marauder  
  177  11:24  Missile Turret  
  181  11:26  Missile Turret  
  181  11:27  Marine  
  181  11:28  Marine x2, Marauder  
  181  11:31  Marine  
  181  11:32  Marine  
  185  11:37  Thor  
  185  11:38  Widow Mine x2  
  185  11:39  Marauder  
  195  11:43  Marine  
  195  11:46  Marauder  
  190  11:47  Marine x4, Marauder  
  196  11:55  Marine  
  196  12:01  Marauder  
  176  12:08  Marine  
  176  12:09  Marauder  
  176  12:15  Marine x2  
  149  12:16  Marine, Widow Mine x2, Marauder  
  149  12:17  Marine x4, Marauder  
  149  12:20  Thor, Medivac x2  
  149  12:22  Marauder  
  171  12:26  Marine  
  172  12:30  Marine  
  172  12:33  Marine x2, Command Center  
  172  12:34  Marine x2  
  172  12:35  Marine x3  
  182  12:37  Marauder  
  182  12:38  Marauder  
  182  12:43  Marauder  
  186  12:44  Marine  
  186  12:48  Concussive Shells, Marauder  
  186  12:50  Medivac x2  
  186  12:51  Marine x2  
  195  12:52  Marine  
  195  12:54  Marine  
  195  12:56  Marine x2  
  195  12:58  Marauder  
  195  13:00  Marauder  
  195  13:04  Marine x2  
  195  13:05  Marauder  
  179  13:08  Marine  
  179  13:09  Marine  
  179  13:10  Marine, Marauder  
  179  13:11  Widow Mine x2  
  179  13:12  Marine  
  184  13:16  Marine  
  184  13:20  Marauder  
  184  13:21  Marine, Marauder  
  184  13:25  Widow Mine  
  184  13:26  Marine, Marauder  
  188  13:30  Marine  
  188  13:31  Marauder  
  188  13:32  Widow Mine x2  
  188  13:34  Marine  
  195  13:37  Missile Turret  
  195  13:38  Missile Turret  
  196  13:44  Marine  
  196  13:45  Marauder  
  199  13:52  Marine  
  189  14:14  Supply Depot  
  189  14:15  Supply Depot x2  
  187  14:23  Supply Depot  
  187  14:24  Supply Depot  
  187  14:29  Marine x7, Marauder  
  187  14:30  Marine, Marauder x3  
  141  14:41  Medivac, Widow Mine x2  
  141  14:42  Medivac  
  145  14:47  Marine x8  
  145  14:50  Marine x2  
  145  14:51  SCV, Marauder  
  145  14:52  Marine  
  149  14:56  SCV  
  149  14:59  SCV  
  146  15:01  Widow Mine  
  146  15:03  SCV, Widow Mine  
  146  15:04  Marine  
  146  15:05  Planetary Fortress  
  148  15:08  SCV  
  148  15:11  SCV, Medivac  
  148  15:12  Medivac  
  148  15:13  Sensor Tower  
  154  15:15  SCV, Marine x4, Widow Mine  
  154  15:16  Marine x2  
  154  15:17  Marine  
  154  15:20  Marine, Marauder  
  167  15:21  Marine x2  
  167  15:23  Widow Mine  
  167  15:25  Widow Mine  
  173  15:30  Marine, Missile Turret  
  173  15:33  Marine x2  
  173  15:35  Marine  
  177  15:36  Widow Mine  
  177  15:38  Marauder  
  181  15:44  Marine, Widow Mine  
  181  15:45  Marine, Marauder  
  181  15:46  Widow Mine  
  187  15:50  Marine  
  187  15:51  Marauder  
  187  15:55  Marine  
  187  15:56  Marauder  
  193  15:57  Marine  
  193  16:00  Marauder  
  193  16:02  Widow Mine  
  187  16:09  Marine x2  
  189  16:11  Marine x2  
  189  16:12  Marine x2, Marauder  
  189  16:13  Marine, Widow Mine x2  
  189  16:17  Command Center x3  
  198  16:46  Marine  
  198  16:47  Widow Mine x2, Marauder  
  179  16:49  Medivac x2  
  153  16:55  Factory Tech Lab  
  153  16:57  Marine x2, Marauder x2  
  153  17:00  Marine  
  153  17:01  Marauder  
  162  17:02  Missile Turret  
  162  17:03  Missile Turret, Hi-Sec Auto Tracking  
  162  17:04  Marine, Neosteel Armor  
  162  17:07  Marine  
  162  17:08  Marine x2, Sensor Tower, Marauder  
  168  17:10  Refinery  
  168  17:11  Marine  
  168  17:12  Refinery  
  168  17:14  Marine  
  168  17:15  Marine  
  171  17:18  Marine  
  171  17:19  Marauder x2  
  171  17:22  Marine, Marauder  
  179  17:29  Missile Turret, Marauder  
  181  17:34  Marine x2  
  181  17:35  Marine  
  184  17:39  Missile Turret x2  
  184  17:40  Marauder  
  184  17:42  Widow Mine  
  188  17:45  Widow Mine  
  188  17:46  Widow Mine  
  188  17:48  Marine  
  188  17:49  Marauder  
  191  17:58  Marine  
  191  17:59  Marauder, Orbital Command x2  
  191  18:04  Widow Mine  
  194  18:07  Widow Mine  
  196  18:15  Marine, Planetary Fortress, Marauder  
  196  18:18  Marine  
  196  18:19  Marine  
  199  18:21  Marine  
  199  18:23  Marine x2  
  200  18:34  Marine, Marauder  
  187  18:35  Marine x2  
  190  18:43  Marine  
  190  18:44  Missile Turret, Marauder  
  190  18:45  Missile Turret x2  
  190  18:46  Missile Turret  
  190  18:47  Missile Turret  
  190  18:48  Missile Turret  
  193  18:49  Widow Mine  
  193  18:52  Marine, Medivac, Marauder  
  199  18:56  Marine  
  189  19:03  Marine, Marauder  
  189  19:08  Marine  
  189  19:09  Marine x2, Marauder  
  180  19:11  Marine  
  180  19:12  Widow Mine, Marauder  
  180  19:13  Widow Mine x2  
  177  19:26  Marine, Marauder  
  171  19:34  Widow Mine x3  
  158  19:40  Marine  
  158  19:41  Marine x2, Marauder  
  158  19:42  Marine x2  
  158  19:43  Marine x2  
  158  19:44  Marine, Marauder  
  157  19:47  Marine x2  
  157  19:50  Medivac  
  159  19:55  Widow Mine x3  
  159  19:58  Marine  
  159  19:59  Marine x3  
  166  20:02  Marine, Marauder  
  166  20:03  Marauder  
  166  20:04  Marine x2  
  172  20:10  Marine, Marauder  
  172  20:11  Marauder  
  174  20:16  Marine x2  
  174  20:17  Marine x2, Widow Mine x2  
  174  20:19  Widow Mine  
  174  20:20  Marine  
  183  20:22  Marine x2  
  183  20:23  Marauder  
  183  20:24  Marine  
  188  20:30  Marine  
  188  20:32  Medivac x2  
  188  20:33  Marine  
  154  20:36  Marine  
  154  20:37  Marine  
  154  20:39  Widow Mine  
  149  20:46  Marine, Marauder  
  149  20:48  Marine x3  
  149  20:49  Marine x2  
  136  20:58  Marine x2, Marauder  
  136  20:59  Marauder  
  136  21:00  Marauder  
  136  21:02  Medivac  
  136  21:04  Marine, Widow Mine x2  
  141  21:05  Marine, Medivac  
  141  21:06  Marine x4  
  141  21:07  Marine  
  150  21:16  Marine x2  
  150  21:18  SCV x4  
  149  21:20  Marauder x2  
  149  21:21  Marine  
  149  21:22  Marauder  
  149  21:23  Marine  
  149  21:24  Marine x3  
  153  21:26  Widow Mine x2, Marauder  
  153  21:28  Marine, Refinery  
  153  21:29  Refinery  
  158  21:34  Marine x2  
  158  21:35  Medivac  
  158  21:39  Marine  
  163  21:41  Marine, Marauder  
  163  21:42  Marine x3, Marauder  
  163  21:43  Marauder  
  163  21:45  Marine  
  176  21:47  Marauder  
  176  21:51  Marine  
  167  21:56  Marine  
  167  21:57  Marine  
  167  22:00  Marine x2  
  171  22:02  Marine, Medivac  
  171  22:03  Marine x2, Marauder x2  
  171  22:04  Marauder  
  171  22:08  Medivac, Marauder  
  186  22:09  Marine  
  186  22:14  Marine  
  186  22:15  Marine  
  189  22:18  Marine x2  
  189  22:20  Marine x2  
  189  22:21  Marine  
  193  22:24  Marauder x2  
  193  22:26  Marauder  
  193  22:27  Marine  
  193  22:29  Widow Mine  
  190  22:30  Marauder  
  190  22:32  Marine  
  190  22:33  Marine  
  190  22:35  Medivac  
  190  22:36  Marine x2  
  196  22:38  Marine x2  
  196  22:39  Marine  
  195  22:45  Marauder  
  195  22:46  Marauder  
  195  22:47  Marine, Marauder  
  170  22:51  Marauder  
  170  22:54  Medivac  
  146  22:58  Marine  
  146  22:59  Marine x6  
  146  23:01  Widow Mine x2  
  146  23:05  Marine, Medivac  
  160  23:07  Marauder x2  
  160  23:09  Marauder  
  168  23:12  Marauder  
  168  23:16  Marine x3  
  168  23:17  Marine x4  
  175  23:23  Widow Mine  
  175  23:25  Marine  
  174  23:28  Marauder x2  
  174  23:30  Marauder  
  174  23:31  Widow Mine  
  183  23:34  Marine x6, Marauder  
  183  23:38  Marine  
  173  23:42  Medivac x2  
  173  23:44  Marine, Widow Mine  
  180  23:49  Marine  
  180  23:50  Marauder  
  180  23:51  Marine  
  180  23:52  Widow Mine  
  186  23:56  Marine  
  186  24:01  Orbital Command  
  136  24:11  Marine  
  136  24:14  Marine  
  136  24:15  Marine  
  136  24:16  Marine x3  
  128  24:18  Marine x2  
  128  24:19  Marine x3, Marauder  
  133  24:29  Marine  
Tags
 
Add a new tag
Caveats
  • Supply blocks, unpowered buildings, or Contaminate may cause inaccurate times.
  • Supply counts are checked every 10 seconds.